 Dungeon Crawl Stone Soup version 0.28.0-53-g5a82cb258f (webtiles) character file.

Game seed: 5147449970929678837

223634 Peloso the Hoplite (level 18, -4/173 HPs)
             Began as a Minotaur Fighter on July 14, 2022.
             Was the Champion of Okawaru.
             Slain by a naga warrior
             ... wielding a +0 short sword
              (18 damage)
             ... on level 4 of the Snake Pit.
             The game lasted 01:52:29 (36163 turns).

Peloso the Hoplite (Minotaur Fighter)              Turns: 36163, Time: 01:52:29

Health: -4/173     AC: 30    Str: 33    XL:     18   Next: 94%
Magic:  18/18      EV: 10    Int:  8    God:    Okawaru [******]
Gold:   2430       SH: 24    Dex: 13    Spells: 17/17 levels left

rFire   + + .      SeeInvis +   a - +11 falchion of Extremism {flame, rElec rF+ rCorr Str+3}
rCold   + . .      Faith    .   c - +2 kite shield
rNeg    . . .      Spirit   .   r - +7 chain mail of the Chupacabra {Dex+2 Slay+2}
rPois   +          Reflect  +   X - +0 hat of the Cicada {Int+3 Slay+3 SInv}
rElec   +          Harm     .   P - +3 cloak of Sasyufub {rC+ Regen+}
rCorr   +          Rampage  .   C - +0 pair of gloves
Will    ++...                   U - +0 pair of boots {Fly}
Stlth   ..........              A - amulet of reflection
HPRegen 1.18/turn               w - ring of poison resistance
MPRegen 0.16/turn               z - ring of Rationality {Wiz rF+ Will+ Str+2 Slay+2}

@: weakened, flying, constricted, studying 2 skills
A: horns 2, retaliatory headbutt
a: Renounce Religion, Heroism, Finesse, Duel


You were on level 4 of the Snake Pit.
You worshipped Okawaru.
Okawaru was exalted by your worship.
You visited 7 branches of the dungeon, and saw 34 of its levels.
You also visited: Ice Cave and Volcano.

You collected 4139 gold pieces.
You spent 1709 gold pieces at shops.

Inventory:

Hand Weapons
 a - the +11 falchion of Extremism (weapon) {flame, rElec rF+ rCorr Str+3}
   (You took it off a vampire on level 12 of the Dungeon)

   It burns those it strikes, dealing additional fire damage.
   Big, fiery blades are also staple armaments of hydra-hunters.
   Str:       It affects your strength (+3).
   rF:        It protects you from fire.
   rElec:     It insulates you from electricity.
   rCorr:     It protects you from acid and corrosion.
 b - a +3 double sword of flaming
Armour
 c - a +2 kite shield (worn)
 r - the +7 chain mail of the Chupacabra (worn) {Dex+2 Slay+2}
   (You bought it in a shop on level 3 of the Dungeon)

   Dex:       It affects your dexterity (+2).
   Slay:      It affects your accuracy & damage with ranged weapons and melee
   (+2).
 C - a +0 pair of gloves (worn)
 P - the +3 cloak of Sasyufub (worn) {rC+ Regen+}
   (Okawaru gifted it to you on level 11 of the Dungeon)

   rC:        It protects you from cold.
   Regen:     It increases your rate of health regeneration.
 R - the +1 pair of boots of Miteh {+Inv Will+}
   (Okawaru gifted it to you on level 2 of the Lair of Beasts)

   +Inv:      It lets you turn invisible.
   Will:      It increases your willpower.
 U - a +0 pair of boots of flying (worn)
 X - the +0 hat of the Cicada (worn) {Int+3 Slay+3 SInv}
   (Okawaru gifted it to you on level 4 of the Lair of Beasts)

   Int:       It affects your intelligence (+3).
   Slay:      It affects your accuracy & damage with ranged weapons and melee
   (+3).
   SInv:      It lets you see invisible.
Jewellery
 f - a ring of protection from fire
 j - an amulet of faith
 n - an amulet of regeneration
 o - a ring of resist corrosion
 w - a ring of poison resistance (left hand)
 z - the ring of Rationality (right hand) {Wiz rF+ Will+ Str+2 Slay+2}
   (You found it on level 3 of the Elven Halls)

   [ring of wizardry]

   It improves your spell success rate.
   Str:       It affects your strength (+2).
   Slay:      It affects your accuracy & damage with ranged weapons and melee
   (+2).
   rF:        It protects you from fire.
   Will:      It increases your willpower.
 A - an amulet of reflection (around neck)
Wands
 h - a wand of iceblast (14)
 p - a wand of flame (9)
 q - a wand of acid (1)
Scrolls
 m - 3 scrolls of amnesia
 v - 6 scrolls of blinking
 x - a scroll of fear
 D - 6 scrolls of magic mapping
 H - 2 scrolls of acquirement
 Q - 6 scrolls of immolation
 Y - 2 scrolls of teleportation
Potions
 d - 4 potions of might
 e - 8 potions of haste
 g - 5 potions of heal wounds
 i - 4 potions of resistance
 k - a potion of brilliance
 l - 2 potions of mutation
 M - 14 potions of curing
 W - 2 potions of berserk rage
 Z - 4 potions of invisibility


   Skills:
 + Level 18.5 Fighting
 + Level 20.2 Long Blades
 + Level 18.5 Armour
 + Level 10.0 Dodging
 + Level 2.6 Stealth
 + Level 24.2 Shields
 + Level 2.4 Invocations
 + Level 2.1 Evocations


You had 17 spell levels left.
You didn't know any spells.
Your spell library contained the following spells:

 Spells                   Type           Power      Damage    Failure   Level
 Apportation              Tloc           0%         N/A       43%         1
 Beastly Appendage        Tmut           0%         N/A       43%         1
 Freeze                   Ice            0%         1d3       43%         1
 Pain                     Necr           0%         1d4       43%         1
 Shock                    Conj/Air       0%         1d3       43%         1
 Sting                    Tmut/Pois      0%         1d3       43%         1
 Corpse Rot               Necr/Air       0%         N/A       56%         2
 Ensorcelled Hibernation  Hex/Ice        0%         N/A       56%         2
 Passwall                 Tmut/Erth      0%         N/A       56%         2
 Poisonous Vapours        Pois/Air       0%         N/A       56%         2
 Static Discharge         Conj/Air       0%         N/A       56%         2
 Sublimation of Blood     Necr           0%         N/A       56%         2
 Wereblood                Tmut           0%         N/A       56%         2
 Frozen Ramparts          Ice            0%         1d2       80%         3
 Mephitic Cloud           Conj/Pois/Air  0%         N/A       80%         3
 Portal Projectile        Hex/Tloc       0%         N/A       80%         3
 Spider Form              Tmut/Pois      0%         N/A       80%         3
 Stone Arrow              Conj/Erth      0%         3d7       80%         3
 Swiftness                Air            0%         N/A       80%         3
 Vampiric Draining        Necr           0%         2d6       80%         3
 Airstrike                Air            0%         N/A       99%         4
 Anguish                  Hex/Necr       0%         N/A       99%         4
 Dispel Undead            Necr           0%         3d6       99%         4
 Fulminant Prism          Conj/Hex       0%         3d6       99%         4
 Hailstorm                Conj/Ice       0%         3d3       99%         4
 Iskenderun's Mystic Bla  Conj/Tloc      0%         2d3       99%         4
 Leda's Liquefaction      Hex/Erth       0%         N/A       99%         4
 Olgreb's Toxic Radiance  Pois           0%         N/A       99%         4
 Passage of Golubria      Tloc           0%         N/A       99%         4
 Sticky Flame             Conj/Fire      0%         2d3       99%         4
 Agony                    Necr           0%         N/A       100%        5
 Alistair's Intoxication  Tmut/Pois      0%         N/A       100%        5
 Borgnjor's Vile Clutch   Necr/Erth      0%         N/A       100%        5
 Excruciating Wounds      Necr           0%         N/A       100%        5
 Lee's Rapid Deconstruct  Erth           0%         3d5*      100%        5
 Silence                  Hex/Air        0%         N/A       100%        5
 Eringya's Noxious Bog    Tmut/Pois      0%         N/A       100%        6
 Statue Form              Tmut/Erth      0%         N/A       100%        6
 Enfeeble                 Hex            0%         N/A       100%        7
 Storm Form               Tmut/Air       0%         N/A       100%        7
 Borgnjor's Revivificati  Necr           0%         N/A       100%        8
 Lehudib's Crystal Spear  Conj/Erth      0%         10d2      100%        8
 Maxwell's Capacitive Co  Air            0%         ∞         100%        8
 Necromutation            Tmut/Necr      0%         N/A       100%        8
 Death's Door             Necr           0%         N/A       100%        9
 Animate Skeleton         Necr           Unusable   N/A       N/A         1
 Call Canine Familiar     Summ           Unusable   N/A       N/A         3
 Tukima's Dance           Hex            Unusable   N/A       N/A         3
 Summon Lightning Spire   Summ/Air       Unusable   N/A       N/A         4
 Summon Hydra             Summ           Unusable   N/A       N/A         7

Dungeon Overview and Level Annotations

Branches:
Dungeon (15/15)            Temple (1/1) D:4            Lair (6/6) D:10
 Shoals (3/4) Lair:4        Snake (4/4) Lair:2        Slime (0/5) Lair:6
    Orc (2/2) D:10            Elf (3/3) Orc:2        Vaults (0/5) D:14
 Depths (0/4) D:15          IceCv (visited)         Volcano (visited)

Altars:
Ashenzari
Dithmenos
Gozag
Okawaru
Uskayaw
Xom
Zin
Jiyva

Shops:
D:3 [   D:9 ?   D:11 *   D:12 *   D:14 !   Orc:1 (   Orc:2 (***!   Elf:3 ?
Shoals:2 ?   Shoals:3 !   Snake:2 (   Snake:3 *[

Annotations:
D:14 Casa
Elf:2 3 runed translucent doors


Innate Abilities, Weirdness & Mutations

You have a pair of horns on your head.
You reflexively headbutt those who attack you in melee.


Message History

The splash of poison reflects off an invisible shield around you!
The splash of poison hits the naga warrior.
The naga warrior constricts you. The salamander barely misses you.
You slice the naga warrior!! You burn the naga warrior.
The naga warrior is moderately wounded.
You block the naga warrior's attack. The naga warrior constricts you.
You block the salamander's attack.
Unknown command.
You hit the naga warrior but do no damage.
You headbutt the naga warrior.
The naga warrior is moderately wounded.
The salamander mystic points at the salamander and mumbles some strange words.
The salamander seems to speed up.
You block the naga warrior's attack. x2
The naga warrior constricts you.
Unknown command.
You slash the naga warrior!
The naga warrior is heavily wounded.
You block the salamander's attack. The naga warrior closely misses you.
The naga warrior spits poison at you.
The splash of poison hits you but does no damage.
You resist. The naga warrior constricts you.
* * * LOW HITPOINT WARNING * * *
The naga warrior blocks your attack.
The naga warrior is heavily wounded.
The naga warrior hits you but does no damage.
The naga warrior hits you with a +0 short sword!!
* * * LOW HITPOINT WARNING * * *
The naga warrior constricts you.
Unknown command.
As you read the scroll of fear, it crumbles to dust.
You assume a fearsome visage.
The salamander mystic resists with some effort.
The naga warrior looks frightened!
The naga warrior easily resists.
The salamander looks frightened!
The naga warrior no longer looks unusually strong.
The salamander mystic gestures at you while chanting.
The bolt of magma hits you! You partially resist.
* * * LOW HITPOINT WARNING * * *
The naga warrior hits you with a +0 short sword!!
You die...

........)...##..≈≈≈###......###§≈
....[....).##..§≈≈##..........##≈
........####§§§§§##.......)....##
........###..§§≈##....######†...#
........##..≈≈≈##..)###.. ###...
..(.....#..≈≈≈##...##...§ ##..
#######.#..§≈≈#...##..≈≈≈ ##.
#.#'#####N)N#..≈≈§≈ #.
#...##...#@##§§§§≈≈ ##
#####.()))##S.≈≈≈§≈
#....N()#§≈≈≈≈≈≈ #....NN.NN≈≈≈≈≈
#.......#NN≈≈≈§≈ ##.....##.N≈§§≈≈
##...## ..§§§≈≈ ##### #.≈§§§
.S§≈§§


You could see 2 naga warriors, a salamander mystic (fast) and 2 salamanders.

Vanquished Creatures
  Jorgrun (Shoals:1)
  Mlioglotl (Snake:4)
  Asterion (Elf:3)
  2 deep elf blademasters
  2 deep elf master archers (Elf:3)
  Kirke (Shoals:1)
  Agnes (D:14)
  2 frost giants
  Louise (Elf:3)
  3 deep elf sorcerers (Elf:3)
  The ghost of Bananafolds the Cleaver, a journeyman DrAE of Elyvilon (D:12)
  A stone giant (D:15)
  Nessos (D:15)
  7 deep elf demonologists
  Azrael (D:13)
  2 deep elf annihilators (Elf:3)
  A red draconian (Volcano)
  3 deep elf death magi (Elf:3)
  3 merfolk impalers
  2 merfolk javelineers
  2 deep elf high priests (Elf:3)
  Fannar (Orc:1)
  Josephine (Shoals:1)
  6 salamander tyrants
  4 vault guards (D:14)
  An ice dragon (D:11)
  12 hydras
  4 naga warriors
  An ogre mage (D:15)
  Harold (Orc:1)
  7 boulder beetles
  2 merfolk aquamancers
  An alligator snapping turtle (Shoals:1)
  8 anacondas
  A merfolk avatar (Lair:6)
  8 death yaks
  7 centaur warriors
  11 two-headed ogres
  8 dancing weapons
  2 tengu warriors
  Urug (D:11)
  6 naga sharpshooters
  A shock serpent (Snake:3)
  3 orc high priests (Orc:2)
  19 deep elf knights
  8 salamander mystics
  A fire crab (shapeshifter) (Elf:1)
  2 fire crabs (Lair:2)
  24 sea snakes
  3 naga ritualists
  15 deep elf archers
  2 lindwurms (Snake:4)
  4 orc knights (Orc:2)
  17 harpies
  Pikel (D:5)
  24 deep elf zephyrmancers
  7 orc sorcerers
  3 mana vipers
  23 deep elf pyromancers
  6 cyclopes
  Maurice (D:11)
  8 fauns
  6 merfolk sirens
  21 manticores
  18 salamanders
  5 guardian serpents
  4 water nymphs
  7 naga magi
  21 black mambas
  10 elephants
  An eye of devastation (shapeshifter) (D:12)
  3 ice statues
  15 cane toads
  An unseen horror (D:13)
  A gargoyle (D:14)
  A kobold demonologist (D:12)
  An efreet (D:14)
  10 rime drakes
  4 yaktaurs
  20 komodo dragons
  4 tengu conjurers
  A queen bee (shapeshifter) (Elf:1)
  3 trolls
  7 polar bears
  7 wind drakes
  14 merfolk
  2 hornets (Lair:2)
  18 blink frogs
  8 snapping turtles
  12 slime creatures
  A meliai zombie (D:11)
  2 dream sheep (Lair:3)
  Sigmund (D:4)
  3 air elementals
  A centaur simulacrum (D:15)
  54 yaks
  4 wyverns
  16 water elementals
  A shadow (D:12)
  2 vampires
  5 wraiths
  3 hogs
  9 fire elementals
  Eustachio (D:5)
  A golden eye (shapeshifter) (D:15)
  4 basilisks
  2 humans (Shoals:1)
  4 steam dragons
  2 wargs
  3 acid dragons
  Edmund (D:4)
  30 nagas
  A hell hound (D:13)
  15 water moccasins
  A hornet zombie (D:6)
  14 ice beasts
  3 sky beasts
  16 orc warriors
  11 ogres
  18 wolves
  20 centaurs
  2 lemures (D:5)
  A phantom (D:6)
  18 bullfrogs
  A kobold brigand (D:11)
  3 scorpions
  6 earth elementals
  2 gnoll sergeants
  2 water moccasin skeletons
  3 wights (D:8)
  9 killer bees
  16 electric eels
  A howler monkey (D:7)
  3 centaur zombies
  A hound (D:4)
  A crimson imp (D:6)
  3 centaur skeletons
  4 jellies
  Crazy Yiuf (D:5)
  10 orc priests
  A bullfrog skeleton (D:6)
  2 hell rats (Lair:6)
  2 iguanas
  30 orc wizards
  A scorpion zombie (D:5)
  2 hound skeletons (D:4)
  A howler monkey zombie (D:9)
  Robin (D:2)
  13 gnolls
  5 adders
  11 river rats (Lair:6)
  A white imp (D:6)
  An ufetubus (D:6)
  5 worms
  6 dart slugs
  54 orcs
  10 ball pythons
  4 bats
  6 endoplasms
  3 giant cockroaches
  8 hobgoblins
  10 jackals
  11 kobolds
  6 quokkas
  7 frilled lizards
  14 goblins
  6 rats
1086 creatures vanquished.

Vanquished Creatures (others)
  A deep elf knight (Elf:1)
  A wolf (Lair:2)
  16 fungi
  84 plants
102 creatures vanquished.

Grand Total: 1188 creatures vanquished

Notes
Turn   | Place    | Note
-------+----------+-------------------------------------------
     0 | D:1      | Peloso the Minotaur Fighter began the quest for the Orb.
     0 | D:1      | Reached XP level 1. HP: 19/19 MP: 0/0
   151 | D:1      | Reached XP level 2. HP: 27/27 MP: 1/1
   205 | D:1      | Reached skill level 4 in Shields
   529 | D:1      | Reached XP level 3. HP: 28/33 MP: 2/2
   705 | D:1      | Found a faded altar of an unknown god.
  1074 | D:2      | Noticed Robin
  1111 | D:2      | Killed Robin
  1112 | D:2      | Reached skill level 1 in Dodging
  1112 | D:2      | Reached XP level 4. HP: 10/40 MP: 3/3
  2178 | D:3      | You fall into a shaft and drop 2 floors!
  2178 | D:5      | Entered Level 5 of the Dungeon
  2207 | D:5      | HP: 3/61 [poisoned by an adder]
  2569 | D:4      | Reached XP level 5. HP: 47/47 MP: 4/4
  2582 | D:4      | Reached skill level 5 in Armour
  2637 | D:4      | Noticed a water moccasin
  2657 | D:4      | Killed a water moccasin
  2675 | D:4      | Reached XP level 6. HP: 34/53 MP: 5/5
  2682 | D:4      | Noticed Edmund
  2697 | D:4      | Killed Edmund
  2698 | D:4      | Reached skill level 5 in Long Blades
  3114 | D:5      | Found a runed translucent door.
  3115 | D:5      | Noticed Crazy Yiuf
  3121 | D:5      | Killed Crazy Yiuf
  3122 | D:5      | Reached XP level 7. HP: 60/60 MP: 6/6
  3321 | D:5      | Reached skill level 5 in Fighting
  4414 | D:3      | Found Zemygaut's Antique Armour Shop.
  4422 | D:3      | Bought a faintly glowing chain mail for 209 gold pieces
  4422 | D:3      | Identified the +7 chain mail of the Chupacabra {Dex+2
                  | Slay+2} (You bought it in a shop on level 3 of the Dungeon)
  4922 | D:5      | Noticed Pikel
  4938 | D:5      | Killed Pikel
  4939 | D:5      | Reached skill level 5 in Shields
  4939 | D:5      | Reached XP level 8. HP: 61/70 MP: 7/7
  4992 | D:5      | Found a shimmering altar of Xom.
  5029 | D:5      | Noticed Eustachio
  5030 | D:5      | Identified the +1 cloak of Squeaky Brilliance {Str+3}
  5037 | D:5      | Killed Eustachio
  5417 | D:6      | Reached XP level 9. HP: 78/78 MP: 8/8
  5827 | D:6      | Reached skill level 10 in Long Blades
  6236 | D:7      | Reached skill level 6 in Shields
  6897 | D:8      | Noticed a two-headed ogre
  6904 | D:8      | Killed a two-headed ogre
  7158 | D:8      | Noticed a two-headed ogre
  7165 | D:8      | Killed a two-headed ogre
  7166 | D:8      | Reached XP level 10. HP: 58/88 MP: 9/9
  7563 | D:4      | Noticed Sigmund
  7597 | D:4      | Killed Sigmund
  7598 | D:4      | Reached skill level 10 in Armour
  7644 | D:4      | Found a staircase to the Ecumenical Temple.
  7733 | Temple   | Entered the Ecumenical Temple
  7755 | Temple   | Became a worshipper of Warmaster Okawaru
  7899 | D:4      | Found a hide-covered altar of Uskayaw.
  8185 | D:9      | Found Rutesef's Magic Scroll Shop.
  8205 | D:9      | Bought a scroll of magic mapping for 59 gold pieces
  8242 | D:9      | Identified the +6 mace of Income {vorpal, Int+3}
  8414 | D:9      | Reached skill level 7 in Shields
  8425 | D:9      | Reached * piety under Okawaru
  8766 | D:10     | Entered Level 10 of the Dungeon
  9022 | D:10     | Reached ** piety under Okawaru
  9089 | D:10     | Found a staircase to the Orcish Mines.
  9183 | D:10     | Reached XP level 11. HP: 94/95 MP: 8/10
  9218 | D:10     | Identified the +5 flail of the Apocalypse {protect, rC-
                  | rN+++ Will+}
  9451 | D:10     | Found a staircase to the Lair.
  9480 | D:10     | Reached *** piety under Okawaru
  9637 | D:3      | Bought an ancient chain mail for 209 gold pieces
  9637 | D:3      | Identified the +1 chain mail of the Dragon {rPois rC-
                  | Int+6} (You bought it in a shop on level 3 of the Dungeon)
  9791 | Lair:1   | Entered Level 1 of the Lair of Beasts
  9791 | Lair:1   | Found the +18 Lear's hauberk
  9804 | D:10     | Reached skill level 8 in Shields
  9970 | Lair:1   | Reached **** piety under Okawaru
  9983 | Lair:1   | Reached skill level 1 in Invocations
 10159 | Lair:1   | Identified the +3 trident of Checks and Balances {freeze,
                  | rElec rN+ rCorr Dex-5}
 10795 | Lair:2   | Reached ***** piety under Okawaru
 10845 | Lair:2   | Noticed a four-headed hydra
 10887 | Lair:1   | Reached skill level 9 in Shields
 11023 | D:11     | Reached skill level 10 in Fighting
 11057 | D:11     | Found Jaulush's Assorted Antiques.
 11081 | D:11     | Bought a sapphire potion for 22 gold pieces
 11096 | D:11     | Noticed Urug
 11115 | D:11     | Killed Urug
 11115 | D:11     | Identified the +3 cloak of Sasyufub {rC+ Regen+} (Okawaru
                  | gifted it to you on level 11 of the Dungeon)
 11115 | D:11     | Received a gift from Okawaru
 11217 | D:11     | Identified the +6 hand axe "Jailoes" {protect, rC++ Int+8
                  | Stlth-}
 11249 | D:11     | Noticed Maurice
 11305 | D:11     | Killed Maurice
 11697 | D:11     | Identified a scroll of acquirement
 11786 | D:12     | Reached XP level 12. HP: 93/107 MP: 11/11
 11804 | D:12     | Found Zin's Purification Station.
 11805 | D:12     | Found a glowing silver altar of Zin.
 11929 | D:12     | Found a transporter.
 11931 | D:12     | Noticed a two-headed ogre
 11935 | D:12     | Noticed an eight-headed hydra
 11935 | D:12     | Noticed Bananafolds's ghost (journeyman DrAE)
 11941 | D:12     | Noticed a two-headed ogre
 11968 | D:12     | Reached skill level 5 in Dodging
 11999 | D:12     | Noticed a two-headed ogre
 12009 | D:12     | Found a transporter.
 12019 | D:12     | Killed a two-headed ogre
 12020 | D:12     | Reached skill level 1 in Evocations
 12066 | D:12     | Reached skill level 15 in Long Blades
 12091 | D:12     | Identified the +11 falchion of Extremism {flame, rElec rF+
                  | rCorr Str+3}
 12271 | D:12     | Reached skill level 10 in Shields
 12316 | D:12     | Noticed a five-headed hydra
 12634 | Lair:2   | Found a staircase to the Snake Pit.
 12917 | Lair:2   | Killed a one-headed hydra
 12944 | Lair:2   | Noticed an anaconda
 12954 | Lair:2   | Killed an anaconda
 12967 | Lair:2   | Received a gift from Okawaru
 12970 | Lair:2   | Reached skill level 11 in Shields
 13150 | Lair:2   | Reached skill level 1 in Stealth
 13183 | Lair:2   | Noticed a death yak
 13224 | Lair:2   | Killed a death yak
 13230 | Lair:2   | Noticed an anaconda
 13230 | Lair:2   | Noticed a five-headed hydra
 13237 | Lair:2   | Killed a two-headed hydra
 13246 | Lair:2   | Killed an anaconda
 13246 | Lair:2   | Identified the +1 pair of boots of Miteh {+Inv Will+}
                  | (Okawaru gifted it to you on level 2 of the Lair of Beasts)
 13246 | Lair:2   | Received a gift from Okawaru
 13247 | Lair:2   | Reached skill level 12 in Shields
 13247 | Lair:2   | Reached XP level 13. HP: 112/117 MP: 10/12
 13738 | Lair:3   | Reached ****** piety under Okawaru
 13753 | Lair:3   | Reached skill level 13 in Shields
 14644 | Lair:4   | Found a staircase to the Shoals.
 14739 | Lair:4   | Identified the +0 hat of the Cicada {Int+3 Slay+3 SInv}
                  | (Okawaru gifted it to you on level 4 of the Lair of Beasts)
 14739 | Lair:4   | Received a gift from Okawaru
 15553 | D:13     | Reached skill level 14 in Shields
 15583 | D:13     | Noticed Azrael
 15597 | D:13     | Killed Azrael
 15614 | D:13     | Reached XP level 14. HP: 129/129 MP: 14/14
 15957 | Orc:1    | Entered Level 1 of the Orcish Mines
 15989 | Orc:1    | Noticed Fannar
 15998 | Orc:1    | Killed Fannar
 16056 | Orc:1    | Found a frozen archway.
 16068 | Orc:1    | Found Esucwuts's Weapon Emporium.
 16075 | IceCv    | Entered an ice cave
 16140 | IceCv    | Identified the +2 buckler of the Ancient Scars {Dex+6}
                  | (Okawaru gifted it to you in an ice cave)
 16140 | IceCv    | Received a gift from Okawaru
 16450 | IceCv    | Noticed a frost giant
 16467 | IceCv    | Killed a frost giant
 16476 | IceCv    | Reached skill level 15 in Shields
 16739 | Orc:1    | Paralysed by an orc sorcerer for 6 turns
 16778 | Orc:1    | Noticed Harold
 16793 | Orc:1    | Killed Harold
 17443 | Lair:5   | Found a dark tunnel.
 17449 | Volcano  | Entered a volcano
 17788 | Lair:5   | Reached skill level 15 in Armour
 18889 | Orc:2    | Entered Level 2 of the Orcish Mines
 18889 | Orc:2    | Found a staircase to the Elven Halls.
 19079 | Orc:2    | Received a gift from Okawaru
 19196 | Orc:2    | Found Fisoiwni's Assorted Antiques.
 19196 | Orc:2    | Found Kaofog's Distillery.
 19198 | Orc:2    | Found Wobidearu's General Store.
 19198 | Orc:2    | Found Afuraa's Assorted Antiques.
 19204 | Orc:2    | Bought a potion of curing for 48 gold pieces
 19204 | Orc:2    | Bought a potion of flight for 48 gold pieces
 19209 | Orc:2    | Bought a fizzy cyan potion for 21 gold pieces
 19222 | Orc:2    | Bought 2 scrolls of identify for 96 gold pieces
 19326 | Orc:2    | Reached skill level 16 in Shields
 19335 | Orc:2    | Reached XP level 15. HP: 136/139 MP: 15/15
 19352 | Orc:2    | Found Cetaax's Weapon Shoppe.
 19869 | Lair:6   | Entered Level 6 of the Lair of Beasts
 20235 | Lair:6   | Identified the +8 trident of Qihi {protect, Dex+4}
 20311 | Lair:6   | Reached skill level 15 in Fighting
 20709 | Lair:6   | Found a viscous altar of Jiyva.
 20709 | Lair:6   | Found a staircase to the Slime Pits.
 21457 | D:11     | Noticed a frost giant
 21474 | D:11     | Killed a frost giant
 21921 | D:14     | Identified the +5 chain mail of Okawaru's Delight {MP+9
                  | Dex+4} (Okawaru gifted it to you on level 14 of the
                  | Dungeon)
 21921 | D:14     | Received a gift from Okawaru
 22072 | D:14     | Reached skill level 17 in Shields
 22135 | D:14     | Found Cylaixt's Distillery.
 22144 | D:14     | Noticed Agnes
 22151 | D:14     | Killed Agnes
 23119 | D:14     | Found a gate to the Vaults.
 23237 | D:15     | Entered Level 15 of the Dungeon
 23261 | D:15     | Found a staircase to the Depths.
 23396 | D:15     | Found an opulent altar of Gozag.
 23562 | D:15     | Noticed Nessos
 23623 | D:15     | Killed Nessos
 23834 | D:15     | Reached XP level 16. HP: 143/150 MP: 16/16
 24166 | Snake:1  | Entered Level 1 of the Snake Pit
 24189 | Snake:1  | Received a gift from Okawaru
 24197 | Snake:1  | Reached skill level 18 in Shields
 24297 | Snake:1  | You fall into a shaft and drop 1 floor!
 24771 | Snake:1  | Identified the +0 pair of gloves "Zawo" {rCorr} (Okawaru
                  | gifted it to you on level 1 of the Snake Pit)
 24771 | Snake:1  | Received a gift from Okawaru
 25699 | Snake:2  | Reached skill level 19 in Shields
 25708 | Snake:2  | Found Ysmuj's Weapon Boutique.
 26201 | Shoals:1 | Entered Level 1 of the Shoals
 26237 | Shoals:1 | Noticed Kirke
 26250 | Shoals:1 | Killed Kirke
 26719 | Shoals:1 | Noticed Josephine
 26741 | Shoals:1 | Killed Josephine
 26751 | Shoals:1 | Received a gift from Okawaru
 27094 | Shoals:1 | Noticed Jorgrun
 27106 | Shoals:1 | Killed Jorgrun
 27107 | Shoals:1 | Reached XP level 17. HP: 159/159 MP: 15/17
 27371 | D:12     | Killed Bananafolds's ghost
 27372 | D:12     | Reached skill level 20 in Shields
 27682 | Snake:3  | Received a gift from Okawaru
 27988 | Snake:3  | Found Bivaed's General Store.
 27996 | Snake:3  | Bought a scroll of teleportation for 45 gold pieces
 27996 | Snake:3  | Bought a scroll of enchant armour for 112 gold pieces
 27996 | Snake:3  | Found Moipo's Antique Armour Shop.
 28905 | Elf:1    | Entered Level 1 of the Elven Halls
 29093 | Elf:1    | Identified the +0 leather armour "Vupouroz" {rC+ Will+
                  | Dex+2}
 29346 | Elf:1    | Paralysed by an air elemental for 1 turns
 29368 | Elf:1    | Identified the +3 pair of boots of Okawaru's Approval
                  | {Int+2 SInv} (Okawaru gifted it to you on level 1 of the
                  | Elven Halls)
 29368 | Elf:1    | Received a gift from Okawaru
 29863 | Elf:2    | Reached skill level 21 in Shields
 30226 | Elf:2    | Found a runed translucent gate.
 30227 | Elf:2    | Found a runed translucent gate.
 30229 | Elf:2    | Found a runed translucent gate.
 30305 | Elf:3    | Entered Level 3 of the Elven Halls
 30305 | Elf:3    | Found Ypruf's Magic Scroll Shoppe.
 30336 | Elf:3    | Bought a scroll of acquirement for 676 gold pieces
 30402 | Elf:3    | Paralysed by an air elemental for 1 turns
 30465 | Elf:3    | Identified the +3 tower shield of Cowardice {Harm Will+
                  | Str+2 Stlth-}
 30465 | Elf:3    | Noticed Louise
 30516 | Elf:3    | Killed Louise
 30688 | Elf:3    | Received a gift from Okawaru
 30728 | Elf:3    | Reached XP level 18. HP: 127/171 MP: 18/18
 30812 | Elf:3    | Paralysed by an air elemental for 1 turns
 30913 | Elf:3    | Noticed a Hell Sentinel
 31533 | Elf:3    | Noticed an Ice Fiend
 31877 | Elf:3    | Received a gift from Okawaru
 31909 | Elf:3    | Noticed Asterion
 32824 | Elf:3    | Identified the +9 arbalest of Qoajifew {penet, Drain rPois
                  | rN+ rCorr}
 32886 | Elf:3    | Killed Asterion
 32887 | Elf:3    | Reached skill level 22 in Shields
 32969 | Elf:3    | Found the +6 arbalest "Damnation" {damnation}
 32970 | Elf:3    | Identified the +2 robe of Gallantry {MP+9 Int+5}
 32970 | Elf:3    | Identified the ring of Xappol {Contam rF+ rN+ Dex+7}
 33018 | Elf:3    | Identified the amulet "Mefaocaeck" {Acrobat rPois rC-
                  | Int+2}
 33021 | Elf:3    | Identified the +8 hand axe of Esamussymid {drain, rElec
                  | Str+2 Int-2 Dex+4}
 33024 | Elf:3    | Identified the ring of Rationality {Wiz rF+ Will+ Str+2
                  | Slay+2}
 33049 | Elf:3    | Identified the +5 arbalest of Doubt {venom, rF++}
 33055 | Elf:3    | Got the Disquisition on Ashen Envenoming
 34291 | Shoals:2 | Received a gift from Okawaru
 34473 | Shoals:2 | Found Acuj's Magic Scroll Shop.
 34481 | Shoals:2 | Bought a scroll of blinking for 112 gold pieces
 34481 | Shoals:2 | Bought a scroll of fear for 52 gold pieces
 34697 | Shoals:3 | Reached skill level 23 in Shields
 34769 | Shoals:3 | Found Vumieq's Distillery.
 35730 | Snake:4  | Entered Level 4 of the Snake Pit
 35731 | Snake:4  | Noticed Mlioglotl
 35750 | Snake:4  | Killed Mlioglotl
 35750 | Snake:4  | Received a gift from Okawaru
 35851 | Snake:4  | Reached skill level 10 in Dodging
 36042 | Snake:4  | Reached skill level 24 in Shields
 36163 | Snake:4  | Slain by a naga warrior

Illustrated notes

Levels and vault maps discovered:
D:1:      lemuel_arrival_rhombus, layout_loops_cross,
          shapermc_ecumenical_altar_notcrosses, minmay_pentomino_o4
D:2:      layout_basic, uniq_robin
D:3:      layout_basic, serial_shops, nicolae_shop_statue_plus,
          chequers_serial_rivers_room_b
D:4:      layout_basic, minmay_temple_entry_enclosed_plants,
          minmay_ruined_shrine, uniq_sigmund, uniq_edmund
D:5:      layout_cave_pools, mainiacjoe_overflow_chevrons,
          hangedman_decor_riveting, kennysheep_dice, uniq_pikel, uniq_eustachio,
          uniq_crazy_yiuf_cottage
D:6:      layout_loops_cross, serial_bayou_lagoon_a, minmay_fire_ice_demons
D:7:      layout_rooms
D:8:      layout_loops_corners
D:9:      layout_rooms, serial_shops, nicolae_stop_n_shop_1,
          chequers_serial_rivers_micro_d, minivault_27
D:10:     layout_small_grid, david_lair_shrubbed, david_orc_3
D:11:     minmay_twisted_water, layout_basic, serial_shops, shop, uniq_urug,
          uniq_maurice
D:12:     layout_roguey, nzn_ghost_randoct, st_stairs_13, zin_purify
D:13:     layout_roguey, uniq_azrael
D:14:     layout_gridville, grunt_vaults_entry_fortified, serial_shops, shop,
          minmay_misc_feat_five, kennysheep_two_boxes, uniq_agnes
D:15:     grunt_enter_depths_giant_problem, layout_irregular_city,
          grunt_gozag_breadcrumbs, uniq_nessos
Temple:   roderic_octagonal_lattice_temple
Lair:1:   layout_small_grid, grunt_megastairs_2, infiniplex_staircase_pool
Lair:2:   layout_regular_city, minmay_snake_entry_guardpost_small,
          nicolae_lair_lakeside_cave, lemuel_fruit_fields
Lair:3:   layout_gridlike, chequers_serial_rivers_micro_a, st_stairs_3,
          minmay_shattered_shrine
Lair:4:   layout_roguey, minmay_shoals_entry_centaurs,
          infiniplex_staircase_pool_2
Lair:5:   layout_layer_cave, enter_volcano_4, serial_bayou_pond_c,
          grunt_forest_stairs_basic, chequers_serial_rivers_large_b,
          serial_bayou_pond_e, beast_lair_carwin_1
Lair:6:   gammafunk_lair_ancient_temple, layout_gridlike, slime_altar_1,
          kennysheep_rathole
Shoals:1: layout_shoals, uniq_jorgrun, uniq_kirke, uniq_josephine
Shoals:2: layout_shoals, serial_shops, shop, nicolae_shoals_arrival_archipelago
Shoals:3: layout_shoals, nicolae_shoals_c_island
Snake:1:  layout_basic, st_stairs_4, nicolae_snake_salamander_stairs
Snake:2:  layout_grid_shapes, minmay_shop_star, grunt_megastairs_4
Snake:3:  nrook_guardian_serpent_snake_passage, layout_gridlike,
          nicolae_snake_snakewalk, minmay_shoptagon, uniq_aizul
Snake:4:  snake_pit_salamanders_mu, layout_rooms, lemuel_fruit_tree,
          uniq_mlioglotl
Orc:1:    layout_caves, portal_ice_cave_entry_pillars_1, serial_shops,
          nicolae_shop_bloodbath_and_beyond, guppyfry_library_mini, uniq_harold,
          uniq_fannar
Orc:2:    grunt_orc_tribal_feast, layout_diamond_mine, serial_shops,
          nicolae_shop_behind_doors
Elf:1:    layout_geoelf_octagon, minivault_28
Elf:2:    nicolae_elf_blades_splatter_lattice
          [nicolae_blade_entry_floor_patterns], layout_gridlike, drop_trap,
          serial_sigils_hangedman_gut
Elf:3:    elf_hall_gauntlet_wide, layout_geoelf_diagonals, serial_shops, shop,
          st_stairs_9, uniq_asterion, uniq_louise

Skill      XL: |  1  2  3  4  5  6  7  8  9 10 11 12 13 14 15 16 17 18 |
---------------+-------------------------------------------------------+-----
Armour         | 4 5 6 7 8 9 11 12 13 14 15 16 17 18 | 18.5
Shields        | 4 5 6 7 9 12 14 16 17 19 21 24 | 24.2
Long Blades    | 3 4 5 8 9 11 13 14 15 16 17 18 19 20 | 20.2
Dodging        | 1 2 3 4 6 7 8 9 10 | 10.0
Fighting       | 4 5 6 7 8 10 11 13 14 15 16 17 18 | 18.5
Invocations    | 1 2 |  2.4
Evocations     | 1 2 |  2.1
Stealth        | 1 2 |  2.6

Action                   |  1- 3 |  4- 6 |  7- 9 | 10-12 | 13-15 | 16-18 || total
-------------------------+-------+-------+-------+-------+-------+-------++-------
Melee: Long sword        |   100 |    98 |   230 |       |       |       ||   428
       Headbutt          |    17 |    19 |    40 |   118 |   263 |   397 ||   854
       Falchion          |       |       |     5 |   602 |  1042 |  1463 ||  3112
Invok: Heroism           |       |       |       |     7 |     6 |    12 ||    25
Evoke: Wand              |       |       |       |     7 |     5 |    11 ||    23
  Use: Scroll            |     3 |     3 |     4 |     3 |    13 |    10 ||    36
       Potion            |       |     2 |       |     1 |     3 |     4 ||    10
 Stab: Paralysed         |       |       |       |       |     1 |       ||     1
Armor: Scale mail        |    54 |    51 |    13 |       |       |       ||   118
       Chain mail        |       |       |   130 |   302 |   407 |   554 ||  1393
Dodge: Dodged            |    50 |    39 |   103 |   188 |   356 |   479 ||  1215
Block: Buckler           |    19 |    27 |    56 |    69 |       |       ||   171
       Kite shield       |       |       |       |   195 |   791 |  1379 ||  2365
       Reflection        |       |       |       |       |       |    39 ||    39
